SNL (28 & UNDER)
SANTA FE DIABLOS @ WEST VIRGINIA POWER
06/08/2026
 
TOP OF THE 1ST
Santa Fe Diablos batting - Pitching for West Virginia Power : RHP Aaron Thrash
Pitching: RHP Aaron Thrash
Batting: LHB Roberto Lozano 0-0: Called Strike
0-1: Called Strike
0-2: Foul Ball, location: 2F
0-2: Strikes out swinging
Batting: LHB John Nicholson 0-0: Ball
1-0: Called Strike
1-1: Ball
2-1: Fly out, F9 (Flyball, 9M)
Batting: RHB Roberto Zamora 0-0: Fly out, F8 (Flyball, 8LXD)
Top of the 1st over - 0 run(s), 0 hit(s), 0 error(s), 0 left on base; Santa Fe 0 - West Virginia 0
BOTTOM OF THE 1ST
West Virginia Power batting - Pitching for Santa Fe Diablos : LHP Sean Perry
Pitching: LHP Sean Perry
Batting: LHB Júlio Martínez 0-0: Ground out 4-3 (Groundball, 4)
Batting: RHB Tony Parker 0-0: Swinging Strike
0-1: Swinging Strike
0-2: Strikes out swinging
Batting: RHB Aaron Murray 0-0: Called Strike
0-1: Swinging Strike
0-2: Foul Ball, location: 2F
0-2: SOLO HOME RUN (Flyball, 78XD), Distance : 435 ft
Batting: RHB Ben Dougherty 0-0: Ball
1-0: Foul Ball, location: 2F
1-1: Ball
2-1: Ground out 6-3 (Groundball, 6)
Bottom of the 1st over - 1 run(s), 1 hit(s), 0 error(s), 0 left on base; Santa Fe 0 - West Virginia 1
TOP OF THE 2ND
Santa Fe Diablos batting - Pitching for West Virginia Power : RHP Aaron Thrash
Batting: RHB Murai Ishihara 0-0: Called Strike
0-1: Swinging Strike
0-2: Ball
1-2: Foul Ball, location: 2F
1-2: Strikes out swinging
Batting: LHB Gary Kern 0-0: Ball
1-0: Ball
2-0: Called Strike
2-1: Foul Ball, location: 2F
2-2: Strikes out swinging
Batting: RHB Claudio Souza 0-0: Called Strike
0-1: Ball
1-1: Swinging Strike
1-2: Ball
2-2: Strikes out looking
Top of the 2nd over - 0 run(s), 0 hit(s), 0 error(s), 0 left on base; Santa Fe 0 - West Virginia 1
BOTTOM OF THE 2ND
West Virginia Power batting - Pitching for Santa Fe Diablos : LHP Sean Perry
Batting: RHB Dave McGrath 0-0: Ball
1-0: Ball
2-0: Called Strike
2-1: Foul Ball, location: 2F
2-2: Strikes out swinging
Batting: RHB Jesse McKnight 0-0: Ground out U3 (Groundball, 3S)
Batting: RHB Len Burke 0-0: Called Strike
0-1: Ball
1-1: SINGLE (Line Drive, 56D)
Batting: RHB Mike Ingram 0-0: Foul Ball, location: 2F
0-1: Swinging Strike
0-2: Ball
1-2: Ball
2-2: SINGLE (Groundball, 6MD)
Len Burke to second
Batting: LHB Lúcio Anaya 0-0: Ball
1-0: Swinging Strike
1-1: Ball
2-1: Swinging Strike
2-2: Strikes out looking
Bottom of the 2nd over - 0 run(s), 2 hit(s), 0 error(s), 2 left on base; Santa Fe 0 - West Virginia 1
TOP OF THE 3RD
Santa Fe Diablos batting - Pitching for West Virginia Power : RHP Aaron Thrash
Batting: LHB Don Soper 0-0: Called Strike
0-1: Ball
1-1: Swinging Strike
1-2: Strikes out swinging
Batting: RHB John Dinkins 0-0: Called Strike
0-1: Swinging Strike
0-2: Strikes out swinging
Batting: RHB Fernando Garza 0-0: Ground out 5-3 (Groundball, 5S)
Top of the 3rd over - 0 run(s), 0 hit(s), 0 error(s), 0 left on base; Santa Fe 0 - West Virginia 1
BOTTOM OF THE 3RD
West Virginia Power batting - Pitching for Santa Fe Diablos : LHP Sean Perry
Batting: LHB Júlio Martínez 0-0: Ball
1-0: Ball
2-0: SINGLE (Line Drive, 89S)
Batting: RHB Tony Parker 0-0: Called Strike
0-1: Ball
1-1: Ball
2-1: Foul Ball, location: 2F
2-2: Strikes out swinging
Batting: RHB Aaron Murray 0-0: Called Strike
0-1: Grounds into double play, 6-4-3 (Groundball, 6)
Bottom of the 3rd over - 0 run(s), 1 hit(s), 0 error(s), 0 left on base; Santa Fe 0 - West Virginia 1
TOP OF THE 4TH
Santa Fe Diablos batting - Pitching for West Virginia Power : RHP Aaron Thrash
Batting: LHB Roberto Lozano 0-0: Called Strike
0-1: Foul Ball, location: 2F
0-2: SINGLE (Groundball, 34D)
Batting: LHB John Nicholson 0-0: Called Strike
0-1: Ball
1-1: Foul Ball, location: 2F
1-2: Fielders Choice at 2nd, 4-6 (Groundball, 34)
Batting: RHB Roberto Zamora 0-0: SINGLE (Groundball, 15) (infield hit)
John Nicholson to second
Batting: RHB Murai Ishihara 0-0: Ball
1-0: Fly out, F8 (Flyball, 8RXD)
Runner from 2nd tags up, SAFE at 3rd, no throw
Batting: LHB Gary Kern 0-0: Fly out, F9 (Flyball, 9M)
Top of the 4th over - 0 run(s), 2 hit(s), 0 error(s), 2 left on base; Santa Fe 0 - West Virginia 1
BOTTOM OF THE 4TH
West Virginia Power batting - Pitching for Santa Fe Diablos : LHP Sean Perry
Batting: RHB Ben Dougherty 0-0: Foul Ball, location: 2F
0-1: DOUBLE (Popup, 4D)
Batting: RHB Dave McGrath 0-0: Called Strike
0-1: Ball
1-1: Called Strike
1-2: Ball
2-2: Ball
3-2: Foul Ball, location: 2F
3-2: Base on Balls
Batting: RHB Jesse McKnight 0-0: Ball
1-0: Foul Ball, location: 2F
1-1: Ball
2-1: Ball
3-1: Foul Ball, location: 2F
3-2: Fielders Choice at 2nd, 5-4 (Groundball, 56)
Ben Dougherty to third
Batting: RHB Len Burke 0-0: Ball
1-0: Grounds into double play, U6-3 (Groundball, 6M)
Bottom of the 4th over - 0 run(s), 1 hit(s), 0 error(s), 1 left on base; Santa Fe 0 - West Virginia 1
TOP OF THE 5TH
Santa Fe Diablos batting - Pitching for West Virginia Power : RHP Aaron Thrash
Batting: RHB Claudio Souza 0-0: Called Strike
0-1: Ball
1-1: Swinging Strike
1-2: Ball
2-2: Strikes out swinging
Batting: LHB Don Soper 0-0: Ball
1-0: Foul Ball, location: 2F
1-1: Ground out 5-3 (Groundball, 15S)
Batting: RHB John Dinkins 0-0: SINGLE (Groundball, 56)
Batting: RHB Fernando Garza 0-0: Called Strike
0-1: Ball
1-1: Called Strike
1-2: Fielders Choice at 2nd, 5-4 (Groundball, 56)
Top of the 5th over - 0 run(s), 1 hit(s), 0 error(s), 0 left on base; Santa Fe 0 - West Virginia 1
BOTTOM OF THE 5TH
West Virginia Power batting - Pitching for Santa Fe Diablos : LHP Sean Perry
Batting: RHB Mike Ingram 0-0: Called Strike
0-1: Ball
1-1: Foul Ball, location: 2F
1-2: Ground out 5-3 (Groundball, 5)
Batting: LHB Lúcio Anaya 0-0: Called Strike
0-1: Ball
1-1: Ball
2-1: Foul Ball, location: 2F
2-2: Strikes out swinging
Batting: LHB Júlio Martínez 0-0: Fly out, F9 (Flyball, 89S)
Bottom of the 5th over - 0 run(s), 0 hit(s), 0 error(s), 0 left on base; Santa Fe 0 - West Virginia 1
TOP OF THE 6TH
Santa Fe Diablos batting - Pitching for West Virginia Power : RHP Aaron Thrash
Batting: LHB Roberto Lozano 0-0: Ball
1-0: Swinging Strike
1-1: Ball
2-1: Swinging Strike
2-2: Foul Ball, location: 2F
2-2: Ball
3-2: Foul Ball, location: 2F
3-2: Strikes out looking
Batting: LHB John Nicholson 0-0: Swinging Strike
0-1: DOUBLE (Line Drive, 89M)
Batting: RHB Roberto Zamora 0-0: Ball
John Nicholson steals 3rd base
1-0: Called Strike
1-1: Called Strike
1-2: SINGLE (Flyball, 8LS)
John Nicholson scores
Batting: RHB Murai Ishihara 0-0: Foul Ball, location: 2F
0-1: Ball
1-1: Ball
2-1: Ball
3-1: Base on Balls
Roberto Zamora to second
Batting: LHB Gary Kern 0-0: Grounds into double play, 4-6-3 (Groundball, 4)
Top of the 6th over - 1 run(s), 2 hit(s), 0 error(s), 1 left on base; Santa Fe 1 - West Virginia 1
BOTTOM OF THE 6TH
West Virginia Power batting - Pitching for Santa Fe Diablos : LHP Sean Perry
Batting: RHB Tony Parker 0-0: Ball
1-0: Ball
2-0: SINGLE (Line Drive, 34D)
Batting: RHB Aaron Murray 0-0: Called Strike
0-1: Ball
1-1: Called Strike
1-2: Strikes out swinging
Batting: RHB Ben Dougherty 0-0: Called Strike
0-1: Ball
1-1: Foul Ball, location: 2F
1-2: Foul Ball, location: 2F
1-2: Foul Ball, location: 2F
1-2: Foul Ball, location: 2F
1-2: Grounds into double play, 5-4-3 (Groundball, 56)
Bottom of the 6th over - 0 run(s), 1 hit(s), 0 error(s), 0 left on base; Santa Fe 1 - West Virginia 1
TOP OF THE 7TH
Santa Fe Diablos batting - Pitching for West Virginia Power : RHP Aaron Thrash
Batting: RHB Claudio Souza 0-0: Ball
1-0: Ball
2-0: DOUBLE (Line Drive, 7LD)
Pitching: LHP John Helms
Pinch Hitting: RHB Lee Price 0-0: Ball
1-0: Ball
2-0: Ball
3-0: Called Strike
3-1: Base on Balls
Pitching: LHP Edmond Summers
Batting: RHB John Dinkins 0-0: Sac Bunt - play at first, batter OUT! 1-4
Claudio Souza to third
Lee Price to second
Batting: RHB Fernando Garza 0-0: Ball
1-0: Fly out, F8 (Line Drive, 8LM)
Runner from 3rd tags up, SCORES, no throw
Pinch Hitting: RHB Ray Ervin 0-0: Called Strike
0-1: Ball
1-1: Swinging Strike
1-2: Foul Ball, location: 2F
1-2: Ball
2-2: Ball
3-2: Foul Ball, location: 2F
3-2: Foul Ball, location: 2F
3-2: Base on Balls
Batting: LHB John Nicholson 0-0: 3-RUN HOME RUN (Line Drive, 9D), Distance : 379 ft
Batting: RHB Roberto Zamora 0-0: Ball
1-0: Foul Ball, location: 2F
1-1: Ball
2-1: Ball
3-1: Called Strike
3-2: Base on Balls
Batting: RHB Murai Ishihara 0-0: Called Strike
0-1: Ball
1-1: Called Strike
1-2: Strikes out looking
Top of the 7th over - 4 run(s), 2 hit(s), 0 error(s), 1 left on base; Santa Fe 5 - West Virginia 1
BOTTOM OF THE 7TH
West Virginia Power batting - Pitching for Santa Fe Diablos : LHP Sean Perry
Now in CF: Ángel Díaz
Now in RF: Lee Price
Batting: RHB Dave McGrath 0-0: Called Strike
0-1: Ball
1-1: Ball
2-1: Ball
3-1: Foul Ball, location: 2F
3-2: Ground out 6-3 (Groundball, 6)
Batting: RHB Jesse McKnight 0-0: Called Strike
0-1: Called Strike
0-2: Strikes out swinging
Batting: RHB Len Burke 0-0: Called Strike
0-1: SOLO HOME RUN (Flyball, 78XD), Distance : 411 ft
Batting: RHB Mike Ingram 0-0: Ball
1-0: Ball
2-0: Called Strike
2-1: Ball
3-1: Base on Balls
Pitching: RHP Tex Perkins
Batting: LHB Lúcio Anaya 0-0: Called Strike
0-1: Ball
1-1: Ball
2-1: Ball
3-1: Base on Balls
Mike Ingram to second
Batting: LHB Júlio Martínez 0-0: Ball
1-0: Fielders Choice at 2nd, 6-4 (Groundball, 4M)
Bottom of the 7th over - 1 run(s), 1 hit(s), 0 error(s), 1 left on base; Santa Fe 5 - West Virginia 2
TOP OF THE 8TH
Santa Fe Diablos batting - Pitching for West Virginia Power : LHP Edmond Summers
Batting: LHB Gary Kern 0-0: Called Strike
0-1: Ball
1-1: Swinging Strike
1-2: Ball
2-2: Strikes out swinging
Batting: RHB Claudio Souza 0-0: SINGLE (Groundball, 34D)
Batting: RHB Lee Price 0-0: Ball
1-0: Foul Ball, location: 2F
1-1: Called Strike
1-2: Strikes out looking
Batting: RHB John Dinkins 0-0: Called Strike
0-1: Called Strike
0-2: 2-RUN HOME RUN (Flyball, 89D), Distance : 409 ft
Pitching: RHP Mark Osborne
Batting: RHB Fernando Garza 0-0: Foul Ball, location: 2F
0-1: Ball
1-1: TRIPLE (Groundball, 3L)
Batting: SHB Ángel Díaz 0-0: Foul Ball, location: 2F
0-1: Swinging Strike
0-2: Ball
1-2: Strikes out looking
Top of the 8th over - 2 run(s), 3 hit(s), 0 error(s), 1 left on base; Santa Fe 7 - West Virginia 2
BOTTOM OF THE 8TH
West Virginia Power batting - Pitching for Santa Fe Diablos : RHP Tex Perkins
Now in RF: Keith Jones
Batting: RHB Tony Parker 0-0: Ball
1-0: Ball
2-0: Ball
3-0: Called Strike
3-1: Swinging Strike
3-2: Foul Ball, location: 2F
3-2: Fly out, F8 (Flyball, 8RS)
Batting: RHB Aaron Murray 0-0: Called Strike
0-1: Swinging Strike
0-2: Ball
1-2: Strikes out swinging
Batting: RHB Ben Dougherty 0-0: Ball
1-0: Called Strike
1-1: Swinging Strike
1-2: Ball
2-2: Ball
3-2: Foul Ball, location: 2F
3-2: Strikes out swinging
Bottom of the 8th over - 0 run(s), 0 hit(s), 0 error(s), 0 left on base; Santa Fe 7 - West Virginia 2
TOP OF THE 9TH
Santa Fe Diablos batting - Pitching for West Virginia Power : RHP Mark Osborne
Batting: LHB John Nicholson 0-0: Called Strike
0-1: Called Strike
0-2: Ball
1-2: Strikes out swinging
Batting: RHB Roberto Zamora 0-0: Ball
1-0: Ball
2-0: Ball
3-0: Base on Balls
Batting: RHB Murai Ishihara 0-0: Called Strike
0-1: Ball
1-1: Fly out, F8 (Flyball, 8RXD)
Batting: LHB Gary Kern 0-0: Ball
1-0: Foul Ball, location: 2F
1-1: Swinging Strike
1-2: Foul Ball, location: 2F
1-2: Ball
2-2: Strikes out swinging
Top of the 9th over - 0 run(s), 0 hit(s), 0 error(s), 1 left on base; Santa Fe 7 - West Virginia 2
BOTTOM OF THE 9TH
West Virginia Power batting - Pitching for Santa Fe Diablos : RHP Tex Perkins
Now at 1B: Xavier De La Cruz
Batting: RHB Dave McGrath 0-0: Foul Ball, location: 2F
0-1: Ball
1-1: Foul Ball, location: 2F
1-2: Ground out 6-3 (Groundball, 6M)
Batting: RHB Jesse McKnight 0-0: Ground out 5-3 (Groundball, 56S)
Batting: RHB Len Burke 0-0: Ball
1-0: Swinging Strike
1-1: Fly out, F6 (Popup, 6D)
Bottom of the 9th over - 0 run(s), 0 hit(s), 0 error(s), 0 left on base; Santa Fe 7 - West Virginia 2
Monday, December 5th, 2016 - OOTP Baseball 17.12 Build 75